Cogmind - Beta 15 @@@ ROGUE MODE // 2025.08.01 @ 15:16:44 Player: Sunvar Result: Escaped! Performance ------------- Evolutions (9) 4500 Regions Visited (19) 3800 Robots Destroyed (139) 695 Value Destroyed (6029) 6029 Prototype IDs (51) 1020 Alien Tech Used (0) 0 Bonus (5511) 5511 TOTAL SCORE: 21555 Bonus ------- High Alert Combat Kills 96 Follower Combat Kills 846 Network Hubs Disabled 400 Aligned with FarCom 300 Met Data Miner 300 Built Enhanced Grunts 300 A7 Reached Mainframe 300 Win 3000 Friendly Fire -31 Cogmind --------- Core Integrity 1585/1600 Matter 90/300 Energy 148/150 System Corruption 0% Temperature Cool (6) Movement Flying (27) Location To Epsilon Eridani Parts ------- > --- POWER (3) -------- Micro Antimatter Reactor > --- PROPULSION (7) --- Impulse Thruster Diametric Drive Diametric Drive > --- UTILITY (10) ----- Advanced Visual Processing Unit Improved Target Analyzer Advanced Transmission Jammer Improved Hacking Suite Advanced Hacking Suite Improved System Shield Advanced Corruption Screen > --- WEAPON (5) ------- Force Lance > --- INVENTORY (5) ---- Particle Reactor Particle Reactor Heavy Hardcell Cannon Enhanced Hardcell Cannon Peak State ------------ > --- POWER ------------ Particle Reactor Micro Antimatter Reactor Light Quantum Reactor > --- PROPULSION ------- Improved Thunder Leg Improved Thunder Leg Improved Thunder Leg Improved Thunder Leg Centrium Leg Centrium Leg > --- UTILITY ---------- Advanced Heat Sink Advanced Heat Sink High-capacity Storage Unit Structural Scanner Advanced Target Analyzer Centrium Medium Armor Plating Centrium Heavy Armor Plating Advanced Force Field > --- WEAPON ----------- Enhanced Nova Cannon Advanced KE Penetrator Hypervelocity Mass Driver Enhanced Hardcell Cannon Compact Linear Accelerator > --- INVENTORY -------- Micro Antimatter Reactor Micro Antimatter Reactor Thunder Leg Myomer Leg Myomer Leg Matter Compressor Seismic Detector Centrium Medium Armor Plating Improved Shield Generator Advanced Shield Generator Nova Cannon Advanced KE Penetrator Hypervelocity Mass Driver Linear Accelerator Enhanced Hardcell Cannon Gamma Bomb Array Fusion Bomb Launcher [Rating: 183] Favorites ----------- Power Heavy Deuterium Engine Engine Heavy Deuterium Engine Power Core Fission Core Reactor Light Antimatter Reactor Propulsion Potential Leg Treads Medium Treads Leg Potential Leg Hover Unit Improved Linear Gravjet Flight Unit Diametric Drive Utility Advanced Heat Sink Device Advanced Heat Sink Storage High-capacity Storage Unit Processor Advanced Targeting Computer Hackware Advanced Hacking Suite Protection Centrium Medium Armor Plating Weapon Cooled Pulse Rifle Energy Gun Cooled Pulse Rifle Energy Cannon Advanced Plasma Cannon Ballistic Gun Enhanced Coil Gun Ballistic Cannon Antimatter Cannon Launcher Improved Grenade Launcher Slashing Weapon Phasing Sabre Piercing Weapon Force Lance Special Melee Weapon Improved Datajack Build | -11 -10 -10 -10 -9 -8 -7 -7 -7 -6 -6 -5 -5 -5 -5 -5 -4 -3 -2 -1 ------- Run | Yrd Mat Min Exi Min Mat Fac Low Dat Pro Fac Fac Ext Cet Arc Hub Fac Res Res Acc Slots Evolved 18 | . . . . . 4 2 . . . 2 2 . . . . 2 2 2 2 Power 2 | . . . . . . 1 . . . . . . . . . . . 1 . Propulsion 5 | . . . . . 2 . . . . . . . . . . 1 1 . 1 Utility 8 | . . . . . 2 1 . . . 1 1 . . . . 1 . 1 1 Weapon 3 | . . . . . . . . . . 1 1 . . . . . 1 . . Parts Attached 137 | 1 4 2 . 1 10 14 2 . 1 16 4 15 6 2 1 6 1 42 9 Power 19 | . . 2 . . . 3 . . . 2 . 2 . 1 . 2 . 6 1 Engine 5 | . . 1 . . . 2 . . . 1 . 1 . . . . . . . Core 3 | . . 1 . . . 1 . . . . . 1 . . . . . . . Reactor 11 | . . . . . . . . . . 1 . . . 1 . 2 . 6 1 Propulsion 35 | . 1 . . . 3 1 1 . . 3 1 1 3 . . . . 18 3 Treads 4 | . . . . . . 1 1 . . 1 . . 1 . . . . . . Leg 22 | . 1 . . . 3 . . . . 2 1 1 2 . . . . 12 . Wheel . | . . . . . . . . . . . . . . . . . . . . Hover 1 | . . . . . . . . . . . . . . . . . . . 1 Flight 8 | . . . . . . . . . . . . . . . . . . 6 2 Utility 47 | 1 1 . . . 3 6 1 . . 8 2 6 2 1 . 1 1 10 4 Device 21 | 1 . . . . 2 5 1 . . 3 1 2 . 1 . 1 . 4 . Storage 2 | . 1 . . . . . . . . 1 . . . . . . . . . Processor 7 | . . . . . . . . . . 1 1 . . . . . . 4 1 Hackware 5 | . . . . . . . . . . 2 . . . . . . . . 3 Protection 12 | . . . . . 1 1 . . . 1 . 4 2 . . . 1 2 . Artifact . | . . . . . . . . . . . . . . . . . . . . Weapon 36 | . 2 . . 1 4 4 . . 1 3 1 6 1 . 1 3 . 8 1 Energy Gun 5 | . 1 . . . 2 1 . . . 1 . . . . . . . . . Energy Cannon 6 | . 1 . . . . . . . 1 . . 1 1 . . . . 2 . Ballistic Gun 9 | . . . . . . 3 . . . 1 1 2 . . 1 1 . . . Ballistic Cannon 9 | . . . . 1 . . . . . 1 . 1 . . . 1 . 4 1 Launcher 2 | . . . . . 1 . . . . . . . . . . . . 1 . Special Weapon . | . . . . . . . . . . . . . . . . . . . . Impact Weapon . | . . . . . . . . . . . . . . . . . . . . Slashing Weapon 3 | . . . . . 1 . . . . . . 1 . . . 1 . . . Piercing Weapon 1 | . . . . . . . . . . . . . . . . . . 1 . Special Melee Weapon 1 | . . . . . . . . . . . . 1 . . . . . . . Unidentified Prototypes 15 | . . . . . 1 4 . . . 1 1 . 2 . 1 . 1 4 . Corrupted Parts 3 | . . . . . . . . . . . . . . . 1 2 . . . System Corruption 4 | . . . . . . . . . . . . . . . 2 2 . . . Parts Lost 43 | . . . . . . . . . . 2 . 10 . . . 2 . 25 4 Power 7 | . . . . . . . . . . . . 2 . . . 2 . 3 . Propulsion 13 | . . . . . . . . . . . . 2 . . . . . 7 4 Utility 13 | . . . . . . . . . . 2 . 3 . . . . . 8 . Weapon 10 | . . . . . . . . . . . . 3 . . . . . 7 . Highest Loss Streak 12 | . . . . . . . . . . 2 . 8 . . . 2 . 12 4 To Critical Strikes 2 | . . . . . . . . . . . . . . . . . . 2 . Average Backups 16 | 6 13 14 15 14 14 14 15 15 15 14 19 18 19 19 18 18 18 18 4 Power . | 1 1 1 1 1 1 1 2 2 2 1 1 . 1 1 1 . . . 1 Propulsion 3 | 4 6 5 5 3 2 2 1 1 1 1 4 4 4 4 3 3 2 2 . Utility 6 | . 2 4 4 5 5 4 4 5 5 5 8 8 7 8 8 7 9 7 . Weapon 5 | 1 3 4 4 4 4 7 7 7 7 5 5 5 5 6 6 6 6 7 2 Tool/Special . | . . . . . . . . . . . . . . . . . . . . Unused Backups 69 | . 5 6 2 4 9 8 . . . 4 3 4 5 . . 2 2 12 3 Power 10 | . . 2 . . 1 3 . . . . . . 1 . . . . 1 2 Propulsion 13 | . 1 2 2 1 1 . . . . . . 2 2 . . . . 2 . Utility 18 | . 2 1 . . 2 1 . . . 3 1 1 1 . . 1 1 4 . Weapon 27 | . 2 1 . 3 5 4 . . . 1 1 1 1 . . 1 1 5 1 Tool/Special 1 | . . . . . . . . . . . 1 . . . . . . . . Average Slot Usage (%) 95 | . 99 100 100 100 98 99 100 85 100 98 93 94 100 100 100 95 98 88 62 Engine 4 | . 14 5 . . . 5 15 15 15 6 5 8 5 . . . . . . Core 3 | . . 8 14 14 9 9 . . . . . . 5 5 5 1 . . . Reactor 3 | . . . . . . . . . . 5 5 . . 4 5 5 9 12 7 Treads 1 | . . . . . . 5 7 7 7 4 . . . . . . . . . Leg 24 | . 28 28 28 28 35 24 23 23 23 21 23 23 23 23 23 26 28 24 . Device 16 | . 14 14 14 14 23 22 23 23 23 20 11 13 11 11 11 20 17 14 4 Storage 6 | . 14 14 14 14 9 7 7 7 7 6 5 5 5 5 5 5 4 3 . Processor 5 | . . . . . . . . . . 6 10 11 11 11 11 10 9 6 11 Protection 4 | . . . . . 3 7 7 7 7 3 5 5 11 11 11 5 3 4 . Energy Gun 5 | . 10 . . . 13 6 6 . 3 5 11 8 5 5 5 3 4 3 . Energy Cannon 3 | . 3 14 14 14 . . . . 3 . . 2 5 5 5 5 4 3 . Ballistic Gun 8 | . 14 14 14 8 . 5 2 . 6 8 6 7 5 5 5 6 13 7 . Slashing Weapon 1 | . . . . . 2 1 4 . . 3 3 . . . . 4 . 2 . Peak Build Rating 183 | 7 8 13 14 16 53 68 66 62 65 81 99 99 114 117 117 123 139 183 130 Average Rating 83 | 6 7 11 13 15 48 64 61 53 62 75 93 93 109 116 114 116 134 156 115 On Entrance 67 | 6 7 8 13 14 16 53 64 62 62 64 81 99 96 114 117 113 122 138 99 Naked Turns . | . . . . . . . . . . . . . . . . . . . . Heaviest Build 176 | 14 31 36 36 38 50 65 65 59 66 91 94 122 122 114 114 119 127 176 35 Greatest Support 172 | 20 20 20 20 20 87 87 77 77 77 98 99 99 99 99 99 114 129 172 43 Greatest Overweight (x) 2 | . 1 1 1 1 . . . . . . 2 1 1 1 1 1 1 1 . Average Overweight (x) . | . . 1 1 1 . . . . . . . . 1 1 1 . . . . Largest Inventory Capacity 20 | 8 15 15 15 15 15 15 15 15 15 20 20 20 20 20 20 20 20 20 5 Average Capacity 17 | 8 14 15 15 15 15 15 15 15 15 16 20 20 20 20 20 20 20 19 5 Most Carried 20 | 7 15 15 15 15 15 15 15 15 15 17 20 20 20 20 20 20 20 20 5 Average Carried 16 | 6 13 14 14 14 14 14 14 15 15 14 19 18 19 20 19 19 18 18 4 Final Capacity 20 | 8 15 15 15 15 15 15 15 15 15 20 20 20 20 20 20 20 20 5 5 Final Carried 20 | 7 15 15 15 15 15 15 15 15 15 17 20 20 20 20 20 19 20 5 5 Class Distribution -------------------- 34% | Mutant 12% | Scavenger-Assassin 9% | Infiltrator-Mutant 9% | Scavenger-Skirmisher 6% | Scavenger-Tank 6% | Skirmisher 4% | Commander-Tank 3% | Commander-Skirmisher 3% | Tank Dominant Class ---------------- Mutant | -10/Materials Mutant | -10/Mines Mutant | -10/Exiles Mutant | -9/Mines Mutant | -8/Materials Mutant | -7/Factory Infiltrator-Mutant | -7/Lower Caves Infiltrator-Mutant | -7/Data Miner Infiltrator-Mutant | -6/Proximity Caves Infiltrator-Mutant | -6/Factory Infiltrator-Assassin | -5/Factory Skirmisher | -5/Extension Tank | -5/Cetus Commander-Tank | -5/Archives Commander-Tank | -5/Hub_04(d) Scavenger-Assassin | -4/Factory Scavenger-Skirmisher | -3/Research Scavenger-Tank | -2/Research Hacker-Sprinter | -1/Access Resources | -11 -10 -10 -10 -9 -8 -7 -7 -7 -6 -6 -5 -5 -5 -5 -5 -4 -3 -2 -1 ----------- Run | Yrd Mat Min Exi Min Mat Fac Low Dat Pro Fac Fac Ext Cet Arc Hub Fac Res Res Acc Matter Collected 5972 | 228 84 81 . 14 108 482 129 . 168 561 447 1161 204 63 12 233 191 1686 120 Remotely . | . . . . . . . . . . . . . . . . . . . . Salvage Created 7101 | 170 235 282 . 35 108 595 144 . 177 611 73 1420 223 . . 362 243 2299 124 Parts 350 | 10 11 22 . 1 2 27 10 . 4 20 4 57 10 . . 26 9 128 9 Haulers Intercepted 9 | . 2 . . . 1 2 . . . 2 . . . . . . 1 . 1 Recyclers Shooed 8 | . . . . . . 3 . . . 2 . 2 . . . 1 . . . Parts Field Recycled . | . . . . . . . . . . . . . . . . . . . . Retrieved Matter . | . . . . . . . . . . . . . . . . . . . . Parts Self-Destructed 14 | . . . . . . . 10 . 4 . . . . . . . . . . Prevented . | . . . . . . . . . . . . . . . . . . . . Kills | -11 -10 -10 -10 -9 -8 -7 -7 -7 -6 -6 -5 -5 -5 -5 -5 -4 -3 -2 -1 ------- Run | Yrd Mat Min Exi Min Mat Fac Low Dat Pro Fac Fac Ext Cet Arc Hub Fac Res Res Acc Combat Hostiles Destroyed 85 | . 1 8 . 1 1 7 4 . 4 6 1 17 2 . . 4 2 27 . Guns 50 | . 1 2 . . . 6 4 . 1 6 1 7 1 . . 2 1 18 . Cannons 30 | . . 6 . 1 . . . . 1 . . 9 1 . . 2 1 9 . AOE 2 | . . . . . . . . . 2 . . . . . . . . . . Classes Destroyed 15 | 2 2 1 . 1 1 2 . . . 1 . 4 . . . . . 1 . Worker 6 | . . . . . . . . . . . . 2 . . . . . 4 . Builder 11 | . . . . . . . . . . . . 4 . . . 2 . 4 1 Tunneler 7 | 3 . 1 . . . 3 . . . . . . . . . . . . . Hauler 9 | . 2 . . . 1 2 . . . 2 . . . . . . 1 . 1 Recycler 8 | 1 1 1 . . . 1 . . . . . 2 . . . 1 . 1 . Mechanic 1 | . . . . . . . . . . . . . . . . . . 1 . Operator 4 | . . . . . . 1 . . . 1 1 . . . . . . . 1 Watcher 7 | . . . . . . . . . . 1 . 2 1 . . 1 . 2 . Swarmer 11 | . . 6 . . . . 3 . 1 . . 1 . . . . . . . Grunt 20 | . 1 2 . . . 2 . . 1 3 . 6 . . . . . 5 . Brawler 1 | . . . . . . . . . . . . 1 . . . . . . . Duelist 3 | . . . . 1 . . . . 1 . . . . . . . . 1 . Sentry 13 | . . . . . 1 2 1 . 1 1 . 5 . . . . 1 1 . Programmer 33 | . . . . . . 3 . . . 2 1 2 . . . 4 1 20 . Behemoth 2 | . . . . . . . . . . . . 2 . . . . . . . Cetus Guard 2 | . . . . . . . . . . . . . 2 . . . . . . Butcher 1 | . . . . . . . . . . . . . 1 . . . . . . Best Kill Streak 13 | 2 2 4 . 1 1 3 3 . 3 2 1 13 3 . . 3 1 8 1 Combat Bots Only 6 | . 1 3 . 1 1 2 3 . 3 2 1 6 2 . . 2 1 5 . Max Kills in Single Turn 2 | 2 1 1 . 1 1 1 1 . 1 1 1 2 1 . . 1 1 2 1 Gunslinging . | . . . . . . . . . . . . . . . . . . . . Exploded 1 | . . . . . . . . . 1 . . . . . . . . . . Melee . | . . . . . . . . . . . . . . . . . . . . Uniques/NPCs Destroyed . | . . . . . . . . . . . . . . . . . . . . Combat | -11 -10 -10 -10 -9 -8 -7 -7 -7 -6 -6 -5 -5 -5 -5 -5 -4 -3 -2 -1 -------- Run | Yrd Mat Min Exi Min Mat Fac Low Dat Pro Fac Fac Ext Cet Arc Hub Fac Res Res Acc Hostile Shots Fired 1125 | . 3 24 . 1 6 129 29 . 26 80 4 192 4 . 41 32 12 525 17 Missed 401 | . 1 6 . . 2 54 8 . 7 26 1 72 1 . 12 14 5 181 11 Hits 724 | . 2 18 . 1 4 75 21 . 19 54 3 120 3 . 29 18 7 344 6 Melee 2 | . . . . . . . . . . . . . . . 1 . . 1 . Projectile 722 | . 2 18 . 1 4 75 21 . 19 54 3 120 3 . 28 18 7 343 6 Critical Strikes 45 | . . . . . . 2 . . 2 2 1 7 1 . 4 1 . 25 . Part Disruptions 4 | . . . . . . . . . . . . . . . . . 1 3 . Damage Taken 12999 | . 21 188 . 10 45 509 175 . 369 680 62 2580 43 49 763 259 110 6918 218 Core 933 | . . 36 . . . 35 32 . 38 71 23 191 . . 79 18 . 395 15 Absorbed by Shields 2158 | . . . . . 13 211 34 . 97 195 . 81 24 . . 157 65 1281 . Ignored by Resistances 496 | . . . . . . . . . . . . 465 31 . . . . . . Regen/Repaired (Parts) 113 | . . . . . . . . . . 46 . . . . . 36 . 31 . Core Remaining (%) 90 | 100 . . . 85 100 . . . 85 91 . . . . 70 98 100 72 99 Volleys Fired 435 | 6 18 17 . 1 4 52 8 . 26 43 8 71 10 3 . 33 16 115 4 Largest 5 | 2 2 2 . 2 2 2 2 . 2 3 4 4 3 2 . 4 5 5 1 Hottest 292 | 60 70 80 . 93 40 48 48 . 101 73 90 173 153 63 . 183 218 292 58 Shots Fired 1076 | 12 36 34 . 2 7 103 14 . 40 124 20 210 23 5 . 69 44 329 4 Gun 745 | 12 36 17 . . 6 103 14 . 18 124 20 129 10 2 . 37 28 189 . Cannon 326 | . . 17 . 2 . . . . 20 . . 80 13 3 . 32 16 139 4 Launcher 5 | . . . . . 1 . . . 2 . . 1 . . . . . 1 . Special . | . . . . . . . . . . . . . . . . . . . . Kinetic 583 | 6 18 17 . 1 . 52 6 . 12 85 12 134 13 5 . 23 21 174 4 Thermal 488 | 6 18 17 . 1 6 51 8 . 26 39 8 75 10 . . 46 23 154 . Explosive 4 | . . . . . 1 . . . 2 . . 1 . . . . . . . Electromagnetic 1 | . . . . . . . . . . . . . . . . . . 1 . Robot Hit Streak 31 | 3 6 8 . 3 8 26 11 . 9 31 8 21 10 15 . 18 16 14 . Robot Miss Streak 5 | 2 2 4 . . . 2 1 . 4 5 2 3 2 . . 3 3 5 . Penetration Max 1 | . . . . . . . . . . . . 1 1 . . . . 1 . Secondary Targets 1 | . . . . . . . . . . . . 1 . . . . . . . Max Gunslinging Chain 1 | . . . . . . . . . . . . 1 . . . . . . . Shots Hit Robots 667 | 6 24 16 . 2 5 84 11 . 17 103 15 170 13 5 . 39 25 129 3 Core Hits 253 | 5 8 12 . 2 2 22 6 . 9 27 4 62 9 1 1 13 7 61 2 Critical Kills 9 | . . 1 . . . . . . . 1 . . . . . . . 7 . Critical Parts Destroyed 14 | . . . . . . . . . . 1 . . . . . 2 . 11 . Critical Strikes 38 | . . 1 . . . 2 . . . 3 1 4 . . . 3 1 22 1 Burn 8 | . . . . . . 2 . . . 1 1 2 . . . 1 . 1 . Destroy 24 | . . 1 . . . . . . . 2 . . . . . 2 1 18 . Blast 4 | . . . . . . . . . . . . 2 . . . . . 2 . Impale 2 | . . . . . . . . . . . . . . . . . . 1 1 Melee Attacks 162 | . . . . . 1 18 1 . . 31 6 18 . . . 29 . 35 23 Impact . | . . . . . . . . . . . . . . . . . . . . Slashing 113 | . . . . . 1 18 1 . . 31 6 . . . . 29 . 27 . Piercing 31 | . . . . . . . . . . . . . . . . . . 8 23 Sneak Attacks 24 | . . . . . . . . . . 1 . 18 . . . 2 . 2 1 Combat Hostiles . | . . . . . . . . . . . . . . . . . . . . Follow-up Attacks . | . . . . . . . . . . . . . . . . . . . . Damage Inflicted 18865 | 76 289 271 . 36 92 1737 216 . 479 2042 297 4326 535 175 2 1710 670 5574 338 Guns 11770 | 76 289 98 . . 92 1737 216 . 220 1949 297 2129 260 58 . 754 540 3055 . Cannons 5459 | . . 173 . 36 . . . . 107 . . 2197 275 117 . 376 130 2048 . Explosions 884 | . . . . . . . . . 152 . . . . . . 407 . 245 80 Melee 722 | . . . . . . . . . . 79 . . . . . 159 . 226 258 Ramming 30 | . . . . . . . . . . 14 . . . . 2 14 . . . Kinetic 9775 | 21 151 98 . 18 . 921 82 . 164 1316 148 2436 363 175 . 541 420 2921 . Thermal 7941 | 55 138 173 . 18 92 816 134 . 163 633 149 1890 172 . . 996 250 2182 80 Explosive 152 | . . . . . . . . . 152 . . . . . . . . . . Electromagnetic 245 | . . . . . . . . . . . . . . . . . . 245 . Impact . | . . . . . . . . . . . . . . . . . . . . Slashing 317 | . . . . . . . . . . 79 . . . . . 159 . 79 . Piercing 405 | . . . . . . . . . . . . . . . . . . 147 258 Highest Corruption 47 | . . . . . . 2 2 2 2 3 2 4 4 4 7 7 . 47 . Average Corruption 8 | . . . . . . 1 2 2 2 1 2 3 4 4 4 4 . 24 . Corruption Purged 5 | . . . . . . 2 . . . 3 . . . . . . . . . Corruption Blocked . | . . . . . . . . . . . . . . . . . . . . Effects 198 | . . . . . . 7 7 . 6 6 1 38 6 7 3 20 . 97 . Message Errors 46 | . . . . . . 2 2 . 1 2 1 13 1 2 1 5 . 16 . Matter Fused 55 | . . . . . . 3 3 . 2 1 . 10 1 1 . 7 . 27 . Heat Flow Errors 14 | . . . . . . . 1 . . . . 3 1 . . 1 . 8 . Energy Discharges 20 | . . . . . . . . . . . . 5 . . 2 3 . 10 . Parts Rejected 2 | . . . . . . . . . . . . . . . . . . 2 . Parts Fused 2 | . . . . . . . . . . . . . . 1 . . . 1 . Data Loss (minor) 19 | . . . . . . . 1 . 2 1 . 5 1 1 . 2 . 6 . Data Loss (major) 11 | . . . . . . . . . 1 . . 2 1 1 . 1 . 5 . Misfires 6 | . . . . . . 1 . . . . . . . . . 1 . 4 . Alerts 4 | . . . . . . . . . . . . . . 1 . . . 3 . Misdirections 6 | . . . . . . . . . . . . . . . . . . 6 . Weapon Failures 13 | . . . . . . 1 . . . 2 . . 1 . . . . 9 . Overload Shots 4 | . . . . . . . . . . . . . 3 . . 1 . . . Effects 1 | . . . . . . . . . . . . . . . . 1 . . . Energy Bleed 1 | . . . . . . . . . . . . . . . . 1 . . . Overflow Damage 530 | . . . . . . . . . . . . 83 . . . 211 . 157 79 Projectiles 201 | . . . . . . . . . . . . 83 . . . . . 118 . Explosions 169 | . . . . . . . . . . . . . . . . 169 . . . Melee 160 | . . . . . . . . . . . . . . . . 42 . 39 79 Knockbacks 6 | . . . . . . . . . . . . 1 . . . . . 5 . Impact . | . . . . . . . . . . . . . . . . . . . . Kinetic 5 | . . . . . . . . . . . . 1 . . . . . 4 . Secondary 1 | . . . . . . . . . . . . . . . . . . 1 . Self-Inflicted Damage 148 | . . . . . . . . . 78 . . . . . . 70 . . . Shots 3 | . . . . . . . . . 2 . . . . . . 1 . . . Rammed . | . . . . . . . . . . . . . . . . . . . . Targets Rammed 3 | . . . . . . . . . . 1 . . . . 1 1 . . . Kicked 3 | . . . . . . . . . . 1 . . . . 1 1 . . . Crushed . | . . . . . . . . . . . . . . . . . . . . Highest Temperature 489 | . 39 144 . 42 . . 86 . 240 18 28 410 188 . 4 78 292 489 136 Average Temperature 76 | . 17 59 . 24 . . 44 . 78 6 11 76 73 . 4 25 83 110 20 Received Heat Transfer 1448 | . 12 51 . 6 12 96 24 . 107 163 . 664 . . 210 4 8 73 18 Effects 15 | . . . . . . . . . . . . 3 . . . . 1 11 . Shutdowns 8 | . . . . . . . . . . . . 1 . . . . . 7 . Energy Bleed 2 | . . . . . . . . . . . . . . . . . 1 1 . Interference 2 | . . . . . . . . . . . . 2 . . . . . . . Matter Decay 2 | . . . . . . . . . . . . . . . . . . 2 . Short Circuit 1 | . . . . . . . . . . . . . . . . . . 1 . Siege Activations . | . . . . . . . . . . . . . . . . . . . . Martial Activations . | . . . . . . . . . . . . . . . . . . . . Shielding Activations 3 | . . . . . . . . . . . . . . . . . . 3 . Total Turns 31 | . . . . . . . . . . . . . . . . . . 31 . Longest Duration 26 | . . . . . . . . . . . . . . . . . . 26 . Robots Disrupted . | . . . . . . . . . . . . . . . . . . . . Combat Hostiles . | . . . . . . . . . . . . . . . . . . . . Robots Corrupted 1 | . . . . . . . . . . . . . . . . . . 1 . Combat Hostiles . | . . . . . . . . . . . . . . . . . . . . Parts Fried 4 | . . . . . . . . . . . . 1 2 . . . . 1 . Impact Corruptions . | . . . . . . . . . . . . . . . . . . . . Robots Melted 3 | . . . . . 1 1 . . . . . 1 . . . . . . . Combat Hostiles 3 | . . . . . 1 1 . . . . . 1 . . . . . . . Parts Melted 17 | . . . . 2 2 4 . . . 1 2 2 . . . . 1 3 . Heat Transferred 11663 | 125 407 370 . 37 185 1628 259 . 259 1258 333 2553 185 . . 1194 422 2398 50 Parts Sabotaged . | . . . . . . . . . . . . . . . . . . . . Parts Stolen . | . . . . . . . . . . . . . . . . . . . . Parts Stripped . | . . . . . . . . . . . . . . . . . . . . Power Chain Reactions . | . . . . . . . . . . . . . . . . . . . . Alert | -11 -10 -10 -10 -9 -8 -7 -7 -7 -6 -6 -5 -5 -5 -5 -5 -4 -3 -2 -1 ------- Run | Yrd Mat Min Exi Min Mat Fac Low Dat Pro Fac Fac Ext Cet Arc Hub Fac Res Res Acc Maximum Alert Level 2 | . . . . . . . . . . 1 . 2 1 1 1 . . 2 2 Low Security (%) 77 | 100 100 100 . 100 100 100 . . . 53 100 74 37 99 56 100 100 44 . Level 1 18 | . . . . . . . . . . 46 . 13 62 . 43 . . 40 94 Level 2 4 | . . . . . . . . . . . . 11 . . . . . 14 5 Level 3 . | . . . . . . . . . . . . . . . . . . . . Level 4 . | . . . . . . . . . . . . . . . . . . . . Level 5 . | . . . . . . . . . . . . . . . . . . . . High Security . | . . . . . . . . . . . . . . . . . . . . Max Security . | . . . . . . . . . . . . . . . . . . . . Peak Influence 499 | 10 21 70 . 52 32 57 . . . 314 30 457 287 208 268 184 93 499 456 Initial 306 | . . . . . 1 4 . . . 306 9 . 244 49 13 128 66 29 299 Average 106 | 2 . 16 . 6 4 16 . . . 170 5 111 208 113 125 86 54 230 307 Influence Increases 5322 | 20 57 200 . 62 59 274 90 . 80 544 80 841 138 179 400 496 177 1308 317 Destroy 0b10 Robot/C 2080 | . 20 160 . 20 20 140 80 . 80 120 20 480 80 80 120 80 40 540 . Destroy 0b10 Robot/NC 270 | 20 15 10 . . 5 35 . . . 20 5 55 5 . . 20 5 60 15 Destroy Leader 420 | . 4 30 . 10 12 64 10 . . 46 10 64 . . 10 22 22 114 2 Allied During Kill 327 | . . . . 2 . . . . . . . 102 28 80 115 . . . . Trap Triggered on 0b10 20 | . . . . . . . . . . . . 20 . . . . . . . Successful Hack 280 | . 17 . . . 9 . . . . . 33 8 . . . 42 90 27 54 Select Force Hacks 100 | . . . . . . . . . . . . . . . 100 . . . . Disable Machine 210 | . . . . . . 15 . . . . . . 15 15 . 90 . 45 30 Destroy Structure 775 | . 1 . . . 13 20 . . . 28 12 52 10 4 10 152 20 327 126 Advance Influence 300 | . . . . . . . . . . 300 . . . . . . . . . Partial Spotted 45 | . . . . . . . . . . . . . . . . 45 . . . Lose Combat Pursuer 495 | . . . . 30 . . . . . 30 . 60 . . 45 45 . 195 90 Influence Decreases 4916 | 20 57 173 27 56 53 259 77 40 70 534 100 404 451 265 175 633 250 862 410 Entered New Map 818 | . . . 27 . 5 8 11 40 . 4 11 . 193 75 25 135 60 24 200 Time Decay 3551 | 20 57 173 . 56 48 251 66 . 70 510 89 370 198 190 30 478 190 585 170 Lost Part 352 | . . . . . . . . . . 20 . 22 . . . 20 . 250 40 Lost Ally 192 | . . . . . . . . . . . . 12 60 . 120 . . . . Purge Threat 3 | . . . . . . . . . . . . . . . . . . 3 . Squads Dispatched 47 | . . . . 1 1 5 . . . 7 3 4 . . 4 5 1 12 4 Investigation 11 | . . . . 1 1 2 . . . 3 . . . . 2 1 . 1 . Extermination 22 | . . . . . . 3 . . . 4 2 . . . . 3 1 7 2 Reinforcement 12 | . . . . . . . . . . . 1 4 . . . 1 . 4 2 Assault 2 | . . . . . . . . . . . . . . . 2 . . . . Garrison . | . . . . . . . . . . . . . . . . . . . . Intercept . | . . . . . . . . . . . . . . . . . . . . Searches Triggered . | . . . . . . . . . . . . . . . . . . . . Data Miner Redirects 4 | . . . . . . . . . . 2 . . . . 1 1 . . . Construction Impeded 4 | . . . . . . . . . . . . 2 . . . . . 2 . Haulers Reinforced . | . . . . . . . . . . . . . . . . . . . . Active Scanning Responses . | . . . . . . . . . . . . . . . . . . . . Cargo Convoy Interrupts . | . . . . . . . . . . . . . . . . . . . . Stealth | -11 -10 -10 -10 -9 -8 -7 -7 -7 -6 -6 -5 -5 -5 -5 -5 -4 -3 -2 -1 --------- Run | Yrd Mat Min Exi Min Mat Fac Low Dat Pro Fac Fac Ext Cet Arc Hub Fac Res Res Acc Distress Signals 8 | . 1 . . . . . . . . 1 . . 1 . . . . 4 1 Communications Jammed 42 | . . . . . . . . . 1 1 . 1 . . 5 1 . 21 12 Distress Signals 41 | . . . . . . . . . . 1 . 1 . . 5 1 . 21 12 Times Spotted 199 | . 3 8 . 3 1 7 4 . 5 16 2 31 4 4 20 15 4 59 13 Peak Tracking Total 10 | . 2 3 . 3 1 3 2 . 2 4 1 5 4 1 10 3 1 7 8 Tactical Retreats 16 | . . . . 1 . . . . . 2 . 2 . . 1 2 . 6 2 Traps | -11 -10 -10 -10 -9 -8 -7 -7 -7 -6 -6 -5 -5 -5 -5 -5 -4 -3 -2 -1 ------- Run | Yrd Mat Min Exi Min Mat Fac Low Dat Pro Fac Fac Ext Cet Arc Hub Fac Res Res Acc Traps Triggered 7 | . . . . . . . . . . 2 1 . . . . . . 2 2 Indirectly . | . . . . . . . . . . . . . . . . . . . . Trap Hack Attempts 27 | . . . . . . . . . . . . 27 . . . . . . . Triggered . | . . . . . . . . . . . . . . . . . . . . Disarmed 1 | . . . . . . . . . . . . 1 . . . . . . . Reprogrammed 4 | . . . . . . . . . . . . 4 . . . . . . . Reused 2 | . . . . . . . . . . . . 2 . . . . . . . Traps Extracted . | . . . . . . . . . . . . . . . . . . . . Installed . | . . . . . . . . . . . . . . . . . . . . Triggered 2 | . . . . . . . . . . . . 2 . . . . . . . Machines | -11 -10 -10 -10 -9 -8 -7 -7 -7 -6 -6 -5 -5 -5 -5 -5 -4 -3 -2 -1 ---------- Run | Yrd Mat Min Exi Min Mat Fac Low Dat Pro Fac Fac Ext Cet Arc Hub Fac Res Res Acc Machines Disabled 16 | . . . . . . 1 . . 1 . . 1 1 1 . 6 . 3 2 Max in Single Turn 3 | . . . . . . 1 . . 1 . . . 1 . . 3 . 1 1 Garrison Access 3 | . . . . . . . . . . 1 . . . . 1 . . . 1 Network Hub 2 | . . . . . . . . . . . . . . . 2 . . . . Energy Cycler 1 | . . . . . . . . . . . . . . . . . . . 1 Machines Repaired . | . . . . . . . . . . . . . . . . . . . . Machines Dismantled . | . . . . . . . . . . . . . . . . . . . . Machines Sabotaged 2 | . . . . . . . . . . . . . . . 2 . . . . Overloaded Fab Kills . | . . . . . . . . . . . . . . . . . . . . Hacking | -11 -10 -10 -10 -9 -8 -7 -7 -7 -6 -6 -5 -5 -5 -5 -5 -4 -3 -2 -1 --------- Run | Yrd Mat Min Exi Min Mat Fac Low Dat Pro Fac Fac Ext Cet Arc Hub Fac Res Res Acc Machines Accessed 59 | . 5 . 2 1 1 10 . 3 . 8 3 3 1 . 2 4 3 8 5 Terminals 38 | . 5 . . . 1 5 . . . 2 3 3 1 . 2 2 3 7 4 Fabricators 6 | . . . . . . 4 . . . 2 . . . . . . . . . Repair Stations 4 | . . . . . . . . . . 2 . . . . . 1 . 1 . Recycling Units 1 | . . . . . . 1 . . . . . . . . . . . . . Scanalyzers . | . . . . . . . . . . . . . . . . . . . . Garrison Access 4 | . . . . . . . . . . 2 . . . . . 1 . . 1 Total Hacks 163 | . 22 . 2 1 5 22 . 22 . 15 8 9 1 . 2 15 13 16 10 Successful 76 | . 13 . 2 1 3 3 . 22 . 6 4 2 . . 2 5 5 3 5 Failed 87 | . 9 . . . 2 19 . . . 9 4 7 1 . . 10 8 13 5 Catastrophic 29 | . . . . . 1 3 . . . 3 1 2 1 . . 5 5 7 1 Database Lockouts . | . . . . . . . . . . . . . . . . . . . . Manual 66 | . 10 . 1 . 2 13 . . . 6 6 6 1 . 2 5 4 4 6 Terminals 113 | . 22 . . . 5 14 . . . 4 8 9 1 . 2 11 13 15 9 Fabricators 11 | . . . . . . 6 . . . 5 . . . . . . . . . Repair Stations 4 | . . . . . . . . . . 2 . . . . . 1 . 1 . Recycling Units 2 | . . . . . . 2 . . . . . . . . . . . . . Scanalyzers . | . . . . . . . . . . . . . . . . . . . . Garrison Access 8 | . . . . . . . . . . 4 . . . . . 3 . . 1 Terminal Hacks 46 | . 6 . 2 1 1 1 . 22 . . 2 1 . . . 3 3 2 2 Record 7 | . . . 1 . . . . 6 . . . . . . . . . . . Part Schematic 10 | . . . . . . . . 10 . . . . . . . . . . . Robot Schematic 3 | . . . . . . . . 3 . . . . . . . . . . . Prototype ID Bank 5 | . 2 . . . . . . 3 . . . . . . . . . . . Open Door 1 | . . . . 1 . . . . . . . . . . . . . . . Level Access Points 3 | . . . . . . . . . . . 1 . . . . . 1 . 1 Branch Access Points 1 | . . . . . . . . . . . . . . . . . . . 1 Emergency Access Points 2 | . 1 . . . . . . . . . . . . . . . 1 . . Terminal Index 1 | . . . . . . . . . . . . . . . . 1 . . . Unreport Threat 1 | . . . . . . . . . . . . . . . . . . 1 . Locate Traps 6 | . 2 . . . . 1 . . . . 1 . . . . 1 1 . . Security Status 1 | . . . . . . . . . . . . 1 . . . . . . . Recall Extermination 1 | . . . . . . . . . . . . . . . . 1 . . . Hauler Manifests 1 | . 1 . . . . . . . . . . . . . . . . . . Zone Layout 2 | . . . . . 1 . . . . . . . . . . . . 1 . Proto ID Catalog 1 | . . . 1 . . . . . . . . . . . . . . . . Fabricator Hacks 2 | . . . . . . . . . . 2 . . . . . . . . . Load Schematic 1 | . . . . . . . . . . 1 . . . . . . . . . Build 1 | . . . . . . . . . . 1 . . . . . . . . . Repair Station Hacks . | . . . . . . . . . . . . . . . . . . . . Recycling Unit Hacks 1 | . . . . . . 1 . . . . . . . . . . . . . Retrieve Components 1 | . . . . . . 1 . . . . . . . . . . . . . Scanalyzer . | . . . . . . . . . . . . . . . . . . . . Garrison Access Hacks 2 | . . . . . . . . . . 1 . . . . . . . . 1 Seal Access 2 | . . . . . . . . . . 1 . . . . . . . . 1 Unauthorized Hacks 25 | . 7 . . . 2 1 . . . 3 2 1 . . 2 2 2 1 2 Terminals 19 | . 7 . . . 2 . . . . . 2 1 . . 2 1 2 . 2 Botnet 11 | . 2 . . . 1 . . . . . 2 1 . . . 1 2 . 2 Operators 1 | . 1 . . . . . . . . . . . . . . . . . . Skim 5 | . 4 . . . 1 . . . . . . . . . . . . . . Sabotage 2 | . . . . . . . . . . . . . . . 2 . . . . Fabricators 3 | . . . . . . 1 . . . 2 . . . . . . . . . Prioritize 1 | . . . . . . . . . . 1 . . . . . . . . . Haulers 1 | . . . . . . 1 . . . . . . . . . . . . . Recompile 1 | . . . . . . . . . . 1 . . . . . . . . . Repair Stations 3 | . . . . . . . . . . 1 . . . . . 1 . 1 . Patch 3 | . . . . . . . . . . 1 . . . . . 1 . 1 . Recycling Units . | . . . . . . . . . . . . . . . . . . . . Scanalyzers . | . . . . . . . . . . . . . . . . . . . . Garrison Access . | . . . . . . . . . . . . . . . . . . . . Data Cores Recovered 2 | . . . . . . . . . . 1 . . . . . . . . 1 Used . | . . . . . . . . . . . . . . . . . . . . Hacking Detections 42 | . 4 . . . 1 9 . . . 5 3 3 1 . . 3 3 7 3 Full Trace Events 4 | . . . . . 1 2 . . . 1 . . . . . . . . . Feedback Events 1 | . . . . . . . . . . 1 . . . . . . . . . Corruption 1 | . . . . . . . . . . 1 . . . . . . . . . Feedback Blocked . | . . . . . . . . . . . . . . . . . . . . Robot Schematics Acquired 3 | . . . . . . . . 3 . . . . . . . . . . . Robots Built . | . . . . . . . . . . . . . . . . . . . . Authchips . | . . . . . . . . . . . . . . . . . . . . Time . | . . . . . . . . . . . . . . . . . . . . Total Robot Build Rating . | . . . . . . . . . . . . . . . . . . . . Part Schematics Acquired 10 | . . . . . . . . 10 . . . . . . . . . . . Parts Built 2 | . . . . . . . . . . 2 . . . . . . . . . Authchips 1 | . . . . . . . . . . 1 . . . . . . . . . Time 53 | . . . . . . . . . . 53 . . . . . . . . . Total Part Build Rating 12 | . . . . . . . . . . 12 . . . . . . . . . Parts Repaired . | . . . . . . . . . . . . . . . . . . . . Time . | . . . . . . . . . . . . . . . . . . . . Parts Recycled . | . . . . . . . . . . . . . . . . . . . . Recycled Matter . | . . . . . . . . . . . . . . . . . . . . Retrieved Matter . | . . . . . . . . . . . . . . . . . . . . Retrieved Components 10 | . . . . . . 10 . . . . . . . . . . . . . Parts Scanalyzed . | . . . . . . . . . . . . . . . . . . . . Part Schematics Acquired . | . . . . . . . . . . . . . . . . . . . . Parts Damaged . | . . . . . . . . . . . . . . . . . . . . Bothacking | -11 -10 -10 -10 -9 -8 -7 -7 -7 -6 -6 -5 -5 -5 -5 -5 -4 -3 -2 -1 ------------ Run | Yrd Mat Min Exi Min Mat Fac Low Dat Pro Fac Fac Ext Cet Arc Hub Fac Res Res Acc Used RIF Installer . | . . . . . . . . . . . . . . . . . . . . Robots Hacked . | . . . . . . . . . . . . . . . . . . . . Non-combat . | . . . . . . . . . . . . . . . . . . . . Combat . | . . . . . . . . . . . . . . . . . . . . Robot Hacks Applied . | . . . . . . . . . . . . . . . . . . . . Relay Couplers Released 4 | . . . . . . . . . . . . . . . 1 . . 3 . Machine Destruction 1 | . . . . . . . . . . . . . . . 1 . . . . Programmers 3 | . . . . . . . . . . . . . . . . . . 3 . Fabnet Peak Effective % . | . . . . . . . . . . . . . . . . . . . . Robots Rewired 7 | . . . . . . . . . . . . 7 . . . . . . . Allies Hacked . | . . . . . . . . . . . . . . . . . . . . Hacks Repelled . | . . . . . . . . . . . . . . . . . . . . Allies | -11 -10 -10 -10 -9 -8 -7 -7 -7 -6 -6 -5 -5 -5 -5 -5 -4 -3 -2 -1 -------- Run | Yrd Mat Min Exi Min Mat Fac Low Dat Pro Fac Fac Ext Cet Arc Hub Fac Res Res Acc Total Allies 19 | . . 1 . 3 . . . . . . . 10 5 . . . . . . Largest Group 7 | . . 1 . 3 . . . . . . . 6 7 7 6 . . . . Highest-Rated Group 663 | . . 31 . 40 . . . . . . . 285 663 663 511 . . . . Highest-Rated Ally 159 | . . 31 . 16 . . . . . . . 159 159 152 96 . . . . Total Orders 4 | . . . . . . . . . . . . 4 . . . . . . . STAY 2 | . . . . . . . . . . . . 2 . . . . . . . FOLLOW 2 | . . . . . . . . . . . . 2 . . . . . . . Ally Attacks 109 | . . . . 8 . . . . . . . 33 18 24 26 . . . . Total Damage 2796 | . . . . 89 . . . . . . . 786 418 599 904 . . . . Kills 20 | . . . . . . . . . . . . 8 2 4 6 . . . . Allies Corrupted 2 | . . . . . . . . . . . . . . . 2 . . . . Allies Melted . | . . . . . . . . . . . . . . . . . . . . Intel | -11 -10 -10 -10 -9 -8 -7 -7 -7 -6 -6 -5 -5 -5 -5 -5 -4 -3 -2 -1 ------- Run | Yrd Mat Min Exi Min Mat Fac Low Dat Pro Fac Fac Ext Cet Arc Hub Fac Res Res Acc Active Infowar (turns) 13770 | 14 979 985 436 428 218 1571 253 86 364 1393 357 1662 419 398 71 1225 397 2168 346 Optics 6346 | . . . . . . . . . . . 350 1662 419 398 71 1225 397 1478 346 Structural 6430 | . . . . . . 414 225 86 194 1293 258 774 . . . 1224 397 1565 . Seismic 4769 | 14 979 985 436 428 218 291 227 86 364 . . 614 127 . . . . . . Jamming 8397 | . . . . . . 996 253 86 364 1393 357 962 294 398 71 1225 397 1255 346 Robot Analysis Total . | . . . . . . . . . . . . . . . . . . . . Derelict Logs Recovered 3 | . . 1 . 1 . . . . 1 . . . . . . . . . . Drone Launches . | . . . . . . . . . . . . . . . . . . . . Drone Recoveries . | . . . . . . . . . . . . . . . . . . . . Exploration | -11 -10 -10 -10 -9 -8 -7 -7 -7 -6 -6 -5 -5 -5 -5 -5 -4 -3 -2 -1 ------------- Run | Yrd Mat Min Exi Min Mat Fac Low Dat Pro Fac Fac Ext Cet Arc Hub Fac Res Res Acc Turns Passed 13952 | 70 979 985 436 428 279 1572 253 86 364 1393 357 1662 419 398 71 1225 397 2232 346 Spaces Moved 8874 | 24 490 481 228 209 200 1181 208 80 242 1017 274 766 127 56 36 640 304 1269 1042 Core 1 | . . . . . . . . . . . . . . . . . . 1 . Treads . | . . . . . . . . . . . . . . . . . . . . Legs 7531 | 24 490 481 228 209 200 1181 208 80 242 1017 274 766 127 56 36 640 304 968 . Wheels . | . . . . . . . . . . . . . . . . . . . . Hover . | . . . . . . . . . . . . . . . . . . . . Flight 1342 | . . . . . . . . . . . . . . . . . . 300 1042 Fastest Speed 16 | 120 120 190 190 190 105 103 103 103 103 62 70 105 175 175 143 77 82 18 16 Average Speed 111 | 120 176 190 190 190 105 104 103 103 103 101 105 132 175 175 171 119 110 98 18 Slowest Speed 240 | 120 190 190 190 190 107 107 103 103 103 105 240 180 185 175 175 179 182 194 27 Overloaded Moves 51 | . . . . . . . . . . 10 1 27 . . 8 4 1 . . Propulsion Burnouts . | . . . . . . . . . . . . . . . . . . . . Robots Hopped 7 | . . . . . . . . . . . . . . . . . . 3 4 Potential Cave-ins 13 | . . . . . . . . . . . . . . . . 3 . 10 . Cave-ins Triggered 4 | . . . . . . . . . . . . . . . . . . 4 . Exploration Rate (%) 42 | 3 78 83 60 54 24 32 35 68 39 31 10 85 67 77 6 28 9 42 26 Regions Visited 19 Branch Regions 10 Pre-discovered Areas 2 | . . . 1 . . . . 1 . . . . . . . . . . . Known Exits Taken 3 | . . . . . 1 . . . . . . . . . 1 . 1 . . Unknown Exits Taken 16 | 1 1 1 1 1 . 1 1 1 1 1 1 1 1 1 . 1 . 1 . Scrap Searched 7 | . . 1 . 3 . . 2 . 1 . . . . . . . . . . Spaces Dug 205 | . . . . . 14 17 1 . 15 28 6 . . . . 34 6 66 18 Terrain Destroyed 397 | . . . . . 14 17 1 . 22 28 6 33 4 . . 92 10 129 41 Melee 128 | . . . . . 1 17 1 . . 28 6 . . . . 26 . 32 17 Projectile 171 | . . . . . . . . . 7 . . 23 4 . . 27 10 97 3 AOE 98 | . . . . . 13 . . . 15 . . 10 . . . 39 . . 21 Terrain Rammed . | . . . . . . . . . . . . . . . . . . . . Walls Destroyed . | . . . . . . . . . . . . . . . . . . . . Machines Disabled . | . . . . . . . . . . . . . . . . . . . . Actions | -11 -10 -10 -10 -9 -8 -7 -7 -7 -6 -6 -5 -5 -5 -5 -5 -4 -3 -2 -1 --------- Run | Yrd Mat Min Exi Min Mat Fac Low Dat Pro Fac Fac Ext Cet Arc Hub Fac Res Res Acc Total 11921 | 52 572 526 233 241 264 1399 228 83 313 1254 323 1283 312 352 43 1002 342 1956 1143 Wait 1885 | 21 42 13 . 18 17 86 4 . 40 92 12 341 141 290 1 272 3 439 53 Move 8841 | 23 489 480 227 208 199 1180 207 79 241 1016 273 765 126 55 36 639 303 1262 1033 Hop 6 | . . . . . . . . . . . . . . . . . . 2 4 Pick Up 148 | 1 11 6 3 6 13 17 1 . . 19 8 18 8 . 1 7 9 18 2 Fast Attach 68 | 1 2 . . 1 3 5 . 2 . 4 2 5 4 1 3 2 1 22 10 Attach 57 | . . . . . 4 3 . . . 7 2 11 2 . 1 3 2 18 4 Detach 19 | . 1 . . . 3 1 . . . 4 . . 3 . . 1 . 2 4 Swap 119 | . 2 2 . . 7 15 6 . 6 20 6 14 5 1 1 9 1 24 . Drop 151 | . 7 8 3 7 13 22 1 2 . 17 6 13 13 2 . 6 7 18 6 Fire 435 | 6 18 17 . 1 4 52 8 . 26 43 8 71 10 3 . 33 16 115 4 Melee 162 | . . . . . 1 18 1 . . 31 6 18 . . . 29 . 35 23 Ram . | . . . . . . . . . . . . . . . . . . . . Kick 2 | . . . . . . . . . . 1 . . . . . 1 . . . Crush . | . . . . . . . . . . . . . . . . . . . . Escape Stasis 1 | . . . . . . . . . . . . . . . . . . 1 . Rewire . | . . . . . . . . . . . . . . . . . . . . Trap 27 | . . . . . . . . . . . . 27 . . . . . . . Miscellaneous . | . . . . . . . . . . . . . . . . . . . . Route ------- -11/Scrapyard -10/Materials (discovered 3 exits: [*Mat x2] / [*Min]) -10/Mines (discovered 3 exits: [*Mat x2] / *Exi) -10/Exiles -9/Mines -8/Materials -7/Factory (discovered 2 exits: *Fac / [*Low]) -7/Lower Caves -7/Data Miner -6/Proximity Caves -6/Factory -5/Factory (discovered 5 exits: Fac x4 / *Ext) -5/Extension (discovered 2 exits: *Fac / *Cet) -5/Cetus -5/Archives (discovered 2 exits: *Hub x2) -5/Hub_04(d) -4/Factory -3/Research (discovered 3 exits: *Res x3) -2/Research -1/Access (discovered 2 exits: *Sur / Com) To Epsilon Eridani History --------- Turn | Location | Event 14 | -11/Scrapyard | Discovered new exit (range 3) 71 | -11/Scrapyard | Entered Materials 284 | -10/Materials | Discovered new exit (range 11) 303 | -10/Materials | Build established: Mutant 586 | -10/Materials | Discovered new exit (range 5) 725 | -10/Materials | Discovered new exit (range 15) 1050 | -10/Materials | Entered Mines 1132 | -10/Mines | Received a Rocket Launcher from a helpful Derelict 1370 | -10/Mines | Assembled infested the area 1375 | -10/Mines | Assisted by a Guerilla fighting off Assembled 1461 | -10/Mines | Learned Materials machine intel 1512 | -10/Mines | Discovered new exit (range 8) 1542 | -10/Mines | Received a Mining Laser from a helpful Derelict 1901 | -10/Mines | Discovered new exit (range 5) 2028 | -10/Mines | Deemed a non-threat by the Exiles lab entrance 2028 | -10/Mines | Discovered new exit (range 5) 2035 | -10/Mines | Entered Exiles 2081 | -10/Exiles | Met 8R-AWN 2115 | -10/Exiles | Met EX-HEX 2167 | -10/Exiles | Met EX-BIN 2187 | -10/Exiles | Aligned with FarCom system 2189 | -10/Exiles | Given EX-Vault access code 2233 | -10/Exiles | Opened EX-Vault 2247 | -10/Exiles | Found Potential Leg 2250 | -10/Exiles | Found Potential Leg 2289 | -10/Exiles | Warned to stay clear of 0b10 Research branches 2358 | -10/Exiles | Learned location of Zion (-6) 2448 | -10/Exiles | Discovered new exit (range 14) 2471 | -10/Exiles | Left Exiles lab with Potential Leg 2471 | -10/Exiles | Entered Mines 2490 | -9/Mines | Met a Derelict shopkeep closing up shop 2730 | -9/Mines | Assisted by bots powering up and referring to "LRC-V3" 2838 | -9/Mines | Learned location of 1 exit from Materials 2891 | -9/Mines | Discovered new exit (range 5) 2899 | -9/Mines | Entered Materials 2899 | -8/Materials | Evolved 4 slots: Propulsion x2, Utility x2 2900 | -8/Materials | Identified exit to Factory 2901 | -8/Materials | Loaded intel: 47 machine locations 3178 | -8/Materials | Entered Factory 3178 | -7/Factory | Evolved 2 slots: Power x1, Utility x1 3566 | -7/Factory | Discovered new exit (range 5) 4183 | -7/Factory | Discovered new exit (range 16) 4750 | -7/Factory | Entered Lower Caves 4761 | -7/Lower Caves | Attracted the attention of an 0b10 checkpoint 4823 | -7/Lower Caves | Encountered a Warlord checkpoint 4965 | -7/Lower Caves | A Derelict revealed a hidden shortcut to meet someone special 5003 | -7/Lower Caves | Entered Data Miner 5003 | -7/Data Miner | Discovered new exit (range 6) 5024 | -7/Data Miner | Met Data Miner 5048 | -7/Data Miner | Learned location of Section 7 (-2) 5048 | -7/Data Miner | Acquired the access code to Warlord's prototype stash 5057 | -7/Data Miner | Received God Mode back door access code from Data Miner 5089 | -7/Data Miner | Entered Proximity Caves 5107 | -6/Proximity Caves | Build established: Infiltrator-Mutant 5346 | -6/Proximity Caves | Attracted the attention of an 0b10 outpost 5406 | -6/Proximity Caves | Spotter reported a threat 5421 | -6/Proximity Caves | Discovered new exit (range 10) 5438 | -6/Proximity Caves | Learned Factory emergency access door positions 5446 | -6/Proximity Caves | Spotter reported a threat 5453 | -6/Proximity Caves | Entered Factory 5453 | -6/Factory | Evolved 2 slots: Utility x1, Weapon x1 5524 | -6/Factory | Incoming investigation squad redirected 6114 | -6/Factory | Incoming investigation squad redirected 6287 | -6/Factory | Fabricated Thunder Leg? 6793 | -6/Factory | Discovered new exit (range 11) 6846 | -6/Factory | Entered another Factory area 6846 | -5/Factory | Evolved 2 slots: Utility x1, Weapon x1 7080 | -5/Factory | Identified exit to Factory 7184 | -5/Factory | Discovered new exit (range 19) 7203 | -5/Factory | Entered Extension 7901 | -5/Extension | Build established: Commander-Skirmisher 8000 | -5/Extension | Spotted B-75 Beast 8044 | -5/Extension | Spotted B-75 Beast 8095 | -5/Extension | Lost 3 allies 8102 | -5/Extension | Destroyed B-75 Beast 8255 | -5/Extension | Destroyed B-75 Beast 8307 | -5/Extension | Lost 8 parts (1p1n3u3w) 8353 | -5/Extension | Disrupted transfer network 8394 | -5/Extension | Rescued A7 8436 | -5/Extension | Rescued a captive Derelict 8493 | -5/Extension | Build established: Skirmisher 8587 | -5/Extension | Rescued a captive Derelict 8811 | -5/Extension | Discovered exit to Factory (range 10) 8812 | -5/Extension | Discovered new exit (range 6) 8865 | -5/Extension | Entered Cetus 8865 | -5/Cetus | Accompanied by 6 allies (A7) 8870 | -5/Cetus | Acquired a Cetus Manufacturing Module code from A7 8883 | -5/Cetus | Spotted Cetus Guard 8883 | -5/Cetus | Spotted Cetus Guard 8883 | -5/Cetus | Spotted Cetus Guard 8887 | -5/Cetus | Spotted Cetus Guard 8890 | -5/Cetus | Allies destroyed Cetus Guard 8898 | -5/Cetus | Allies destroyed Cetus Guard 8905 | -5/Cetus | Destroyed Cetus Guard 8911 | -5/Cetus | Destroyed Cetus Guard 8930 | -5/Cetus | Lost 4 allies 9047 | -5/Cetus | Started Cetus Manufacturing Module 9072 | -5/Cetus | Manufactured an Enhanced Grunt 9085 | -5/Cetus | Escorted A7 to Cetus Mainframe 9097 | -5/Cetus | Manufactured an Enhanced Grunt 9114 | -5/Cetus | Build established: Tank 9122 | -5/Cetus | Manufactured an Enhanced Grunt 9147 | -5/Cetus | Manufactured an Enhanced Grunt 9172 | -5/Cetus | Manufactured an Enhanced Grunt 9223 | -5/Cetus | Discovered new exit (range 22) 9284 | -5/Cetus | Entered Archives 9284 | -5/Archives | Accompanied by 7 allies (A7) 9289 | -5/Archives | Received a hacking code to weaken MAIN.C 9349 | -5/Archives | Discovered new exit (range 21) 9368 | -5/Archives | Discovered new exit (range 21) 9418 | -5/Archives | Build established: Commander-Tank 9682 | -5/Archives | Entered Hub_04(d) 9682 | -5/Hub_04(d) | Accompanied by 6 allies 9682 | -5/Hub_04(d) | Discovered exit to Factory (range 10) 9712 | -5/Hub_04(d) | Network Hub disabled 9722 | -5/Hub_04(d) | Spotted Lightning 9730 | -5/Hub_04(d) | Spotted Lightning 9731 | -5/Hub_04(d) | Spotted Lightning 9737 | -5/Hub_04(d) | Network Hub disabled 9745 | -5/Hub_04(d) | Incoming assault squad redirected 9753 | -5/Hub_04(d) | Entered Factory 9753 | -4/Factory | Evolved 2 slots: Propulsion x1, Utility x1 9776 | -4/Factory | Lost 6 allies 10284 | -4/Factory | Incoming investigation squad redirected 10448 | -4/Factory | Build established: Scavenger-Assassin 10508 | -4/Factory | Spotted B-86 Titan 10899 | -4/Factory | Discovered new exit (range 22) 10978 | -4/Factory | Entered Research 10978 | -3/Research | Evolved 2 slots: Propulsion x1, Weapon x1 11245 | -3/Research | Discovered new exit (range 16) 11260 | -3/Research | Found Prototype Protection 11260 | -3/Research | Identified Centrium Heavy Armor Plating 11283 | -3/Research | Build established: Scavenger-Skirmisher 11290 | -3/Research | Identified exit to Research 11312 | -3/Research | Found Fusion Bomb Launcher 11341 | -3/Research | Found Gamma Bomb Array 11375 | -3/Research | Entered another Research area 11375 | -2/Research | Evolved 2 slots: Power x1, Utility x1 11444 | -2/Research | Allied Derelicts emerged from ambush trap array 11579 | -2/Research | Lost 3 allies 11673 | -2/Research | Spotted B-90 Cyclops 11929 | -2/Research | System corruption reached 10% 12202 | -2/Research | Build established: Scavenger-Tank 12763 | -2/Research | Build established: Scavenger-Assassin 12848 | -2/Research | Crushed by falling debris 12871 | -2/Research | Crushed by falling debris 12878 | -2/Research | Crushed by falling debris 12899 | -2/Research | Crushed by falling debris 12899 | -2/Research | System corruption reached 30% 13172 | -2/Research | Build established: Scavenger-Tank 13377 | -2/Research | Lost 12 parts (1p4n4u3w) 13480 | -2/Research | Lost 4 parts (1p1n2w) 13498 | -2/Research | Released all parts (15) 13546 | -2/Research | Found Prototype Processor 13546 | -2/Research | Identified Exp. Target Analyzer 13602 | -2/Research | Discovered new exit (range 16) 13607 | -2/Research | Entered Access 13607 | -1/Access | Evolved 2 slots: Propulsion x1, Utility x1 13753 | -1/Access | Identified exit to Command 13853 | -1/Access | Identified exit to Surface 13934 | -1/Access | Energy Cycler disabled 13953 | *** | Escaped! Last Messages --------------- 13934_ Energy Cycler explodes. 13935_ U-05 Engineer builds a Wall. 13936_ Penetrated by Slug. 13939_ U-05 Engineer builds a Wall. 13939_ Penetrated by Slug. 13939_ Slug penetrates Wall. 13943_ U-05 Engineer builds a Wall. 13947_ U-05 Engineer lays Concrete. 13948_ W-44 Eye distress signal jammed. 13948_ Q-thruster destroyed. 13948_ Diametric Drive destroyed. 13948_ Knocked back. 13948_ Dropped Lgt. Quantum Reactor. 13949_ W-44 Eye distress signal jammed. 13949_ Terminal disabled. 13949_ Diametric Drive destroyed. 13950_ K-01 Serf collects debris. 13950_ W-44 Eye distress signal jammed. 13951_ The Access Shell folds into the floor. 13951_ W-44 Eye distress signal jammed. Map ----- +----------------------------------------------------+ | ?????????? ?##### " """" # #?# # | | ?????????? ?? " # #?# # | | ?????????? ??? "% # #?# # | | ?????????? ?###+######"########### #? | | ??????????# ## #??????????#* #? " | | ??????????# ## #??????????# #? | | ??????????# ## " #??????????# #? | | ??????????# ## """ ] #??????????# #?#### | | ??????????# ## """ #??????????# #????? | | ??????????# ## " #??????????# #????? | | ??????????# # #??????????# #????? | | ??????????# ## #??????????# #????? | | ??????????# #"#####"####??????????# #????? | | ??????????# Y##???###?????????????# #????? | | ??????????+ ##????????????????????# #????? | | ??????????# #?????????????????????##########????? | | ??????????# #???????????????????????????????????? | | ??????????# #???????????????????????????????????? | | ??????????# #?????###???????????????????????????? | | ??????????# ####### ##########??????????????????? | | ??????????# *"""T""" "??????????????????? | | ??????????# % "" "" "????BB????????????? | | ??????????# g "????BB????????????? | | ??????????#A "??????????????????? | | ??????????# w "" "??????????????????? | | ??????????# k @" "??????????????????? | | ??????????#p "??????????????????? | | ??????????# "????BB????????????? | | ??????????# "????BB????????????? | | ??????????# "??????????????????? | | ??????????# ####### ##########??????????????????? | | ??????????# #?????###???????????????????????????? | | ??????????# #???????????????????????????????????? | | ??????????# ????????????????????????????????????? | | ??????????# ????????????????????????????????????? | | ??????????# ????????????????????????????????????? | | ??????????# ????????????????????????????????????? | | ??????????# ????????????????????????????????????? | | ??????????# ????????????????????????????????????? | | ?????????? ????????????????????????????????????? | | ?????????? "????????????????????????????????????? | | ??????????? ?????????????????????????????????????? | | ?????????????????????????????????????????????????? | | ?????????????????????????????????????????????????? | | ?????????????????????????????????????????????????? | | ?????????????????????????????????????????????????? | | ?????????????????????????????????????????????????? | | ?????????????????????????????????????????????????? | | ?????????????????????????????????????????????????? | | ?????????????????????????????????????????????????? | +----------------------------------------------------+ Best States ------------- Heat Dissipation 90 Energy Generation 59 Energy Capacity 660 Matter Stores 300 Matter Capacity 300 Sight Range 22 Terrain Scan Density 10 Jamming Range 16 Corruption Block 20 Armor Coverage 825 Resistance: KI 30 Evasion (%) 70 Targeting Accuracy 8 Target Analysis 8 Recoil Reduction 1 Offensive Hacking 26 Defensive Hacking 12 Authchip Count 1 Item Schematics ----------------- Combat Drone Bay | -7/Data Miner | Free Lgt. Regenerative Plating | -7/Data Miner | Free Cld. Cesium-ion Thruster | -7/Data Miner | Free Exp. Targeting Computer | -7/Data Miner | Free Force Rifle | -7/Data Miner | Free Thunder Leg | -7/Data Miner | Free Imp. Component Analysis Suite | -7/Data Miner | Free Imp. Antigrav System | -7/Data Miner | Free Enh. Gauss Cannon | -7/Data Miner | Free Imp. Plasma Cutter | -7/Data Miner | Free Robot Schematics ------------------ A-15 Conveyor | -7/Data Miner | Free H-66 Slayer | -7/Data Miner | Free R-10 Processor | -7/Data Miner | Free Fabricated ------------ Thunder Leg | x2 | -6/Factory | Authchip Repaired ---------- Nothing Alien Tech Used ----------------- None Achievements -------------- None Challenges ------------ None Game ------ Seed ShadingZhirovMace Manual? 0 Play Time 02:55:36 Cumulative 218.1 hours Start 2025.07.29 @ 21:31:28 End 2025.08.01 @ 15:16:44 Sessions 7 Manual Loads 0 Difficulty Rogue Special Mode None Game No. 141 Rogue 141 Adventurer 0 Explorer 0 Win Type 0 Total 18 Types 9/0/3/6/0/0/0/0/0/0 Lore% 71 Gallery% 64 Achievement% 62 Wizard Run 0 Options --------- Layout 0 ASCII 0 Keyboard 1 Movement Numpad Keybinds 0 Fullscreen 1 Font 36/Proggy Map View 76x50 Zoom Use 0% Tactical HUD 1 Map Filters NONE Filters NONE Steam 1 RUN: 9ff316ad-497b-42b2-8471-b6aebe2a49f8